 Dungeon Crawl Stone Soup version 0.31-a0-446-g07c4bd200f (webtiles) character file.

Game seed: 17000191733311457912

173 Ethylacetat the Trooper (level 5, -2/28 HPs)
             Began as a Vine Stalker Monk on Aug 3, 2023.
             Killed from afar by Grinder (10 damage)
             ... with a puff of flame
             ... on level 3 of the Dungeon.
             The game lasted 00:05:28 (1589 turns).

Ethylacetat the Trooper (Vine Stalker Monk)         Turns: 1589, Time: 00:05:29

Health: -2/28      AC:  2    Str: 14    XL:     5   Next: 53%
Magic:  0/9        EV: 13    Int: 10    God:
Gold:   87         SH:  0    Dex: 18    Spells: 8/8 levels left

rFire   . .          .
                       - Unarmed
rCold   . . .        c - orb {light}
rNeg    . . .        a - +0 robe
rPois   .            (no helmet)
rElec   .            (no cloak)
rCorr   .            (no gloves)
SInv    .            (no boots)
Will    .....        (no amulet)
Stlth   +            (no ring)
HPRegen 1.04/turn    (no ring)
MPRegen 0.11/turn

%: guardian spirit
@: glowing
A: fangs 2, regeneration 1, magic shield, antimagic bite, no potion heal 2
a: no special abilities


You were on level 3 of the Dungeon.
You visited 1 branch of the dungeon, and saw 3 of its levels.

You collected 186 gold pieces.
You spent 99 gold pieces at shops.

Inventory:

Armour
 a - a +0 robe (worn)
 c - an orb of light (worn)
Magical Staves
 g - a staff of death
Wands
 j - a wand of mindburst (15)
Scrolls
 b - a scroll of enchant weapon {unknown}
 f - 3 scrolls of identify
 h - a scroll of torment {unknown}
 k - a scroll of revelation {unknown}
 l - a scroll of fear {unknown}
 m - a scroll of brand weapon {unknown}
 n - a scroll of enchant armour {unknown}
 o - a scroll of teleportation
 p - a scroll of butterflies {unknown}
Potions
 d - a potion of curing {unknown}
 i - 3 potions of brilliance


   Skills:
 + Level 3.6 Fighting
 - Level 2.6 Dodging
 - Level 3.2 Unarmed Combat
 + Level 2.0 Spellcasting
 * Level 2.8 Evocations


You had 8 spell levels left.
You didn't know any spells.
Your spell library contained the following spells:

 Spells                   Type           Power      Damage    Failure   Level
 Poisonous Vapours        Pois/Air       2%         N/A       43%         2
 Mephitic Cloud           Conj/Pois/Air  1%         N/A       67%         3
 Portal Projectile        Hex/Tloc       2%         N/A       67%         3
 Tukima's Dance           Hex            1%         N/A       67%         3
 Iskenderun's Mystic Bla  Conj/Tloc      1%         2d3       97%         4
 Freezing Cloud           Conj/Ice/Air   0%         6-21      100%        5


Dungeon Overview and Level Annotations

Branches:
Dungeon (3/15)

Altars:

Shops:
D:1 *   D:2 ([?::

Annotations:
D:3 Grinder


Innate Abilities, Weirdness & Mutations

You have extremely sharp teeth.
Your natural rate of healing is unusually fast.
When hurt, damage is shared between your health and your magic reserves.
Your bite disrupts and absorbs the magic of your enemies.
Potions cannot restore your health.


Message History

You hit the phantom but do no damage.
The phantom is almost destroyed.
The phantom hits you!
The phantom blinks!
You blink.
You hit the phantom.
You destroy the phantom!
Your Spellcasting skill increases to level 2!
You have reached level 5!
Magic restored.
Found a stone staircase leading down.
No target in view!
No target in view!
No target in view!
An endoplasm comes into view.
The endoplasm closely misses you.
You hit the endoplasm.
You bite the endoplasm, but do no damage.
The endoplasm is severely wounded.
The endoplasm hits you.
You hit the endoplasm.
You kill the endoplasm!
No target in view!
You see here a scarf of harm.
You pick up a book of Vapours and begin reading...
You add the spells Poisonous Vapours, Mephitic Cloud and Freezing Cloud to your library.
Grinder comes into view.
She is carrying a wand of flame.
Grinder zaps a wand.
The puff of flame hits you! Grinder gestures at you.
You struggle to resist.
You barely miss Grinder. Grinder gestures at you.
You suddenly lose the ability to move!
Grinder zaps a wand.
The puff of flame hits you! Grinder hits you.
Grinder says, "Mostly I couldn't keep them alive."
Grinder blinks!
You can move again.
Grinder zaps a wand.
The puff of flame hits you!
* * * LOW HITPOINT WARNING * * *
You closely miss Grinder.
Grinder zaps a wand.
The puff of flame hits you!
You die...

... .. ### .. #.. ##.
#......... ...#..
#..#.#.... #.#.###
#......... #...5.###
#......... ###@#...#
#...#.....# #..###.#
#.........# #.###..#
#......>.## #.. ##.##
...#.#....# #####..#
.#.....##.# #...##
.......##.# ##.###
##....###<# ###..#####
##..#..##.###........#


You could see Grinder.

Vanquished Creatures
  A phantom (D:3)
  An orc priest (D:3)
  4 adders
  2 orcs (D:3)
  3 endoplasms
  A giant cockroach (D:1)
  3 goblins
  7 hobgoblins
  6 ball pythons
  2 bats (D:1)
  2 kobolds (D:2)
  5 rats
37 creatures vanquished.

Notes
Turn   | Place    | Note
-------+----------+-------------------------------------------
     0 | D:1      | Ethylacetat the Vine Stalker Monk began the quest for the
                  | Orb.
     0 | D:1      | Reached XP level 1. HP: 11/11 MP: 2/2
    87 | D:1      | Reached XP level 2. HP: 16/16 MP: 3/3
   273 | D:1      | Found Diezadekk's General Store.
   279 | D:1      | Bought a potion of lignification for 36 gold pieces
   279 | D:1      | Bought a scroll of identify for 24 gold pieces
   715 | D:2      | Found Qimmol's Book Shoppe.
   715 | D:2      | Found Bugyoh's Book Emporium.
   765 | D:2      | Reached XP level 3. HP: 12/20 MP: 4/4
   766 | D:2      | Reached skill level 1 in Evocations
   831 | D:2      | Found Ewuetase's Armour Shop.
   832 | D:2      | Found Juifiah's Weapon Shoppe.
   930 | D:2      | Reached skill level 1 in Spellcasting
  1127 | D:2      | Found Nyalaani's Magic Scroll Emporium.
  1130 | D:2      | Bought a scroll of teleportation for 39 gold pieces
  1359 | D:3      | Gained mutation: Your natural rate of healing is unusually
                  | fast. [Vine Stalker growth]
  1359 | D:3      | Reached XP level 4. HP: 24/24 MP: 6/6
  1382 | D:3      | HP: 1/36 [orc priest/divine providence (8)]
  1428 | D:3      | Noticed a phantom
  1444 | D:3      | Killed a phantom
  1445 | D:3      | Reached XP level 5. HP: 23/28 MP: 5/9
  1581 | D:3      | Noticed Grinder
  1584 | D:3      | Paralysed by Grinder for 4 turns
  1589 | D:3      | Killed from afar by Grinder

Illustrated notes

Levels and vault maps discovered:
D:1:      ebering_trefoil_3fold, layout_basic, serial_shops, shop
D:2:      layout_basic, serial_shops, nicolae_shop_rolled_up,
          nicolae_book_shop_shelving, shop, shop, nicolae_shop_statue_plus,
          serial_forest, infiniplex_forest_zigzag_2,
          infiniplex_forest_clump_double, infiniplex_forest_end_3,
          infiniplex_forest_diagonal, infiniplex_forest_straight_2,
          infiniplex_forest_straight_1, infiniplex_forest_clump_C,
          infiniplex_forest_lined_corner, infiniplex_forest_lined_3
D:3:      layout_rooms, minmay_misc_feat_five, uniq_grinder

Skill      XL: |  1  2  3  4 |
---------------+-------------+-----
Fighting       | 3 |  3.6
Evocations     | 1 2 |  2.8
Spellcasting   | 1 2 |  2.0
Dodging        | |  2.6
Unarmed Combat | |  3.2

Action                     |  1- 3 |  4- 6 || total
---------------------------+-------+-------++-------
  Melee: Unarmed           |    81 |    35 ||   116
         Bite              |    23 |     6 ||    29
  Evoke: Wand              |     1 |       ||     1
    Use: Potion            |       |     3 ||     3
 Armour: Robe              |    10 |     3 ||    13
         Skin              |       |    35 ||    35
  Dodge: Dodged            |    54 |    16 ||    70

Table legend: (Time is in decaauts)
 A = Elapsed time spent in this place.
 B = Non-inter-level travel time spent in this place.
 C = Inter-level travel time spent in this place.
 D = Time resting spent in this place.
 E = Time spent auto-exploring this place.
 F = Levels seen in this place.
 G = Mean time per level.
                   A        B        C        D        E       F      G
               +--------+--------+--------+--------+--------+-----+--------+
         Total |   1580 |   1558 |     22 |     53 |   1254 |   3 |  526.7 |
       Dungeon |   1580 |   1558 |     22 |     53 |   1254 |   3 |  526.7 |
               +--------+--------+--------+--------+--------+-----+--------+

Top non-repeatable levels by time:
     D:2: 720 daAuts
     D:1: 613 daAuts
     D:3: 245 daAuts
